 Dungeon Crawl Stone Soup version 0.27.1-34-g3ba077fa99 (webtiles) character file.

Game seed: 17629249055177535447

262 liu the Chopper (level 5, 0/40 HPs)
             Began as a Demonspawn Gladiator on Jan 22, 2022.
             Slain by a bullfrog skeleton (1 damage)
             ... on level 4 of the Dungeon.
             The game lasted 00:06:00 (4027 turns).

liu the Chopper (Demonspawn Gladiator)              Turns: 4027, Time: 00:06:01

Health: 0/40       AC:  5    Str: 14    XL:     5   Next: 97%
Magic:  5/5        EV: 13    Int: 10    God:
Gold:   84         SH:  0    Dex: 15    Spells: 4/4 levels left

rFire    . . .     SeeInvis .   q - +0 dagger (venom)
rCold    . . .     Faith    .   (no shield)
rNeg     . . .     Spirit   .   b - +0 leather armour
rPois    .         Reflect  .   c - +0 helmet
rElec    .         Harm     .   g - +0 cloak
rCorr    .         Rampage  .   (no gloves)
Will     .....                  (no boots)
Stlth    +.........             (no amulet)
HPRegen  0.13/turn              (no ring)
MPRegen  0.09/turn              (no ring)

@: no status effects
A: claws 1, demonic guardian 1
a: no special abilities


You were on level 4 of the Dungeon.
You visited 1 branch of the dungeon, and saw 4 of its levels.

You collected 84 gold pieces.

Inventory:

Hand Weapons
 a - a +0 war axe
 q - a +0 dagger of venom (weapon)
Missiles
 d - 3 throwing nets (quivered)
Armour
 b - a +0 leather armour (worn)
 c - a +0 helmet (worn)
 g - a +0 cloak (worn)
Jewellery
 s - a ring of ice
Wands
 l - a wand of polymorph (7)
Scrolls
 e - a scroll of teleportation {unknown}
 f - a scroll of enchant armour {unknown}
 k - 5 scrolls of identify {unknown}
 m - a scroll of noise {unknown}
 n - a scroll of holy word {unknown}
 p - 5 scrolls of vulnerability {unknown}
Potions
 j - a potion of brilliance {unknown}
 o - a potion of lignification {unknown}
 r - a potion of ambrosia {unknown}


   Skills:
 + Level 2.9 Fighting
 + Level 0.2 Short Blades
 + Level 4.4 Axes
 + Level 1.8 Throwing
 + Level 2.2 Armour
 + Level 3.5 Dodging
 + Level 0.3 Stealth


You had 4 spell levels left.
You didn't know any spells.
Your spell library was empty.

Dungeon Overview and Level Annotations

Branches:
Dungeon (4/15)
 Temple: D:4-7

Altars:
Dithmenos
Hepliaklqana
Ru
Trog
The Shining One

Shops:
D:1 ?


Innate Abilities, Weirdness & Mutations

You have sharp fingernails.
A weak demonic guardian rushes to your aid.


Message History

The hound bites you but does no damage.
The bullfrog skeleton hits you but does no damage.
You barely miss the hound.
The hound is moderately wounded.
The hound misses you. The bullfrog skeleton misses you.
Found a stone staircase leading down.
The hound bites you. The bullfrog skeleton misses you. The hound bites you.
You hit the bullfrog skeleton.
The bullfrog skeleton is lightly damaged.
The bullfrog skeleton hits you. The hound misses you.
The bullfrog skeleton misses you.
You barely miss the bullfrog skeleton.
The bullfrog skeleton is lightly damaged.
The hound bites you. x2; A demonic guardian appears!
The bullfrog skeleton closely misses you.
You hit the bullfrog skeleton.
The bullfrog skeleton is lightly damaged.
The hound bites you.
* * * LOW HITPOINT WARNING * * *
The bullfrog skeleton hits you.
* * * LOW HITPOINT WARNING * * *
You hit the bullfrog skeleton.
The bullfrog skeleton is moderately damaged.
The hound misses you.
Your ufetubus hits the bullfrog skeleton. x2
The bullfrog skeleton hits you.
* * * LOW HITPOINT WARNING * * *
The hound bites you but does no damage.
Your ufetubus barely misses the bullfrog skeleton.
Your ufetubus hits the bullfrog skeleton.
Unknown command.
You hit the hound.
The hound looks as sick as possible!
The hound is heavily wounded.
The bullfrog skeleton barely misses you.
The hound bites you.
* * * LOW HITPOINT WARNING * * *
Your ufetubus hits the bullfrog skeleton.
Your ufetubus barely misses the bullfrog skeleton.
The bullfrog skeleton hits you.
You die...

#. .... P.♣ ..##
.... P..♣ ...##..#
..♣ #.....#♣.♣# .#
#.........##.
...#............
......5Zh...#
#.....@..#.##
#......†##..# ..
#....#......# ...
#..#>#......##....
## # ##...##......
##...........
##..........
####..........
#..#..........


You could see a hound (extremely poisoned), a bullfrog skeleton (ally target)
and a friendly ufetubus (summoned).

Vanquished Creatures
  A water moccasin (D:4)
  A hound (D:4)
  An orc priest (D:2)
  An adder (D:3)
  An adder skeleton (D:4)
  3 worms
  2 dart slugs
  5 orcs
  8 ball pythons
  3 bats (D:1)
  8 endoplasms
  2 giant cockroaches
  8 goblins
  2 hobgoblins
  4 kobolds
  4 quokkas
  A frilled lizard (D:3)
  4 rats
59 creatures vanquished.

Notes
Turn   | Place    | Note
-------+----------+-------------------------------------------
     0 | D:1      | liu the Demonspawn Gladiator began the quest for the Orb.
     0 | D:1      | Reached XP level 1. HP: 16/16 MP: 1/1
   124 | D:1      | Gained mutation: You have sharp fingernails. [demonic
                  | ancestry]
   124 | D:1      | Reached XP level 2. HP: 21/22 MP: 2/2
   191 | D:1      | Found a faded altar of an unknown god.
   451 | D:1      | Found Wiunytz's Magic Scroll Emporium.
   476 | D:1      | Reached skill level 3 in Axes
   914 | D:1      | Reached XP level 3. HP: 27/28 MP: 3/3
  1265 | D:2      | Reached skill level 1 in Armour
  1265 | D:2      | Reached XP level 4. HP: 13/34 MP: 4/4
  3191 | D:3      | Found a sacrificial altar of Ru.
  3199 | D:3      | Found a bloodstained altar of Trog.
  3201 | D:3      | Found a hazy altar of Hepliaklqana.
  3203 | D:3      | Found a shadowy altar of Dithmenos.
  3485 | D:4      | Noticed a water moccasin
  3503 | D:4      | Killed a water moccasin
  3504 | D:4      | Reached skill level 4 in Axes
  3504 | D:4      | Gained mutation: A weak demonic guardian rushes to your
                  | aid. [demonic ancestry]
  3504 | D:4      | Reached XP level 5. HP: 16/40 MP: 5/5
  4027 | D:4      | HP: 1/40 [hound (5)]
  4027 | D:4      | Slain by a bullfrog skeleton

Illustrated notes

Levels and vault maps discovered:
D:1:      dpeg_arrival_rooms_with_view, layout_loops_ring,
          dreamdust_ecumenical_altar_hidden_monk_grotto, serial_shops,
          nicolae_diamond_shop
D:2:      layout_basic
D:3:      layout_rooms, chequers_temple_overflow_minitemple, chequers_jeans
D:4:      kennysheep_kobold_camp, layout_cave_pools

Skill      XL: |  1  2  3  4 |
---------------+-------------+-----
Dodging        | 3 |  3.5
Axes           | 3 4 |  4.4
Armour         | 1 2 |  2.2
Fighting       | |  2.9
Short Blades   | |  0.2
Throwing       | |  1.8
Stealth        | |  0.3

Action                   |  1- 3 |  4- 6 || total
-------------------------+-------+-------++-------
Melee: War axe           |    79 |    78 ||   157
       Dagger            |       |    38 ||    38
  Use: Potion            |       |     2 ||     2
Armor: Leather armour    |    21 |    44 ||    65
Dodge: Dodged            |    43 |   101 ||   144
